 Dungeon Crawl Stone Soup version 0.18.1-50-g88ac8fd (webtiles) character file.

10206 Korbac the Nimble (level 11, -7/78 HPs)
             Began as a Halfling Fighter on Oct 17, 2016.
             Was an Elder of the Shining One.
             Mangled by an Executioner (20 damage)
             ... on level 1 of the Abyss.
             The game lasted 00:56:57 (10791 turns).

Korbac the Nimble (Halfling Fighter)               Turns: 10791, Time: 00:56:59

Health: -7/78      AC: 13    Str: 16    XL:     11   Next: 88%
Magic:  14/14      EV: 22    Int:  7    God:    the Shining One [****..]
Gold:   405        SH: 12    Dex: 24    Spells: 0 memorised, 10 levels left

rFire  . . .     SeeInvis .     s - +11 short sword of the Spectre {pierce, Dex+4}
rCold  + . .     Gourm    .     e - +4 ring mail
rNeg   + + .     Faith    .     c - +0 shield
rPois  .         Spirit   .     (helmet restricted)
rElec  .         Dismiss  .     (no cloak)
rCorr  .         Reflect  .     (no gloves)
SustAt .         Harm     .     a - +1 pair of boots of Sloth {-Cast Dex+4}
MR     +....     NoCast   +     (no amulet)
Stlth  +.........               (no ring)
                                m - ring of protection from cold

@: glowing, somewhat resistant to hostile enchantments, very unstealthy
A: horns 1, magic resistance 1, mutation resistance 1, weak 1
a: Divine Shield, Cleansing Flame, Renounce Religion


You were on level 1 of the Abyss.
You worshipped the Shining One.
The Shining One was greatly pleased with you.
You were not hungry.

You visited 2 branches of the dungeon, and saw 11 of its levels.
You visited the Abyss 1 time.
You also visited: Ossuary.

You collected 535 gold pieces.
You spent 130 gold pieces at shops.

Inventory:

Hand Weapons
 s - the +11 short sword of the Spectre (weapon) {pierce, Dex+4}
   (You found it on level 7 of the Dungeon)

   It inflicts extra damage upon your enemies.
   It affects your dexterity (+4).
 B - a +0 dagger of protection
 C - the +7 short sword "Qoruu" {elec, Str+3}
   (You found it on level 7 of the Dungeon)

   Occasionally, upon striking a foe, it will discharge some electrical energy
   and cause terrible harm.
   It affects your strength (+3).
Missiles
 q - 4 tomahawks of returning (quivered)
Armour
 a - the +1 pair of boots of Sloth (worn) {-Cast Dex+4}
   (You found it on level 9 of the Dungeon)

   It affects your dexterity (+4).
   It prevents spellcasting.
 b - the cursed +1 ring mail of Peek-a-Boo {rElec}
   (You found it on level 9 of the Dungeon)

   It insulates you from electricity.
   It has a curse placed upon it.
 c - a +0 shield (worn)
 e - a +4 ring mail (worn)
 l - a +1 ring mail of fire resistance
 A - a +0 pair of boots
Jewellery
 m - a ring of protection from cold (left hand)
Wands
 h - a wand of lightning (7/15)
 v - a wand of lightning (4/15)
 y - a wand of paralysis (13/24)
 D - a wand of disintegration (11/24)
Scrolls
 g - 4 scrolls of recharging
 i - 6 scrolls of remove curse
 j - 5 scrolls of enchant weapon
 p - 4 scrolls of fog
 r - 2 scrolls of amnesia
Potions
 d - a potion of might
 f - a potion of magic
 k - 2 potions of curing
 n - 2 potions of degeneration
 u - a potion of berserk rage
 z - 2 potions of cancellation
Books
 t - a book of Maledictions

   Spells                             Type                      Level
   a - Corona                         Hexes                        1
   b - Ensorcelled Hibernation        Hexes/Ice                    2
   c - Confuse                        Hexes                        3
   d - Tukima's Dance                 Hexes                        3
   e - Dazzling Spray                 Conjuration/Hexes            3
Comestibles
 x - a meat ration


   Skills:
 * Level 8.5 Fighting
 * Level 3.9(8.5) Short Blades
   Level 9.1(9.3) Long Blades
 + Level 7.3 Armour
 * Level 10.0 Dodging
 + Level 8.5 Shields
 + Level 3.6 Unarmed Combat
 + Level 4.8 Invocations
 + Level 4.4 Evocations


You had 10 spell levels left.
You didn't know any spells.

Dungeon Overview and Level Annotations

Branches:
Dungeon (10/15)            Temple (0/1) D:6             Orc (1/2) D:9
   Lair: D:8-11

Altars:
Ashenzari
Dithmenos
Makhleb
Nemelex Xobeh
Okawaru
Pakellas
Qazlal
Sif Muna
Trog
Vehumet
Yredelemnul
Zin
The Shining One

Shops:
D:5 !   D:6 ?   D:7 =   Orc:1 }

Annotations:
D:10 Psyche


Innate Abilities, Weirdness & Mutations

You are small and have problems with some larger weapons.
You are somewhat resistant to further mutation.
You have a pair of small horns on your head.
You are resistant to hostile enchantments.
You are weak. (Str -2)


Message History

The Executioner hits you!!
* * * LOW HITPOINT WARNING * * *
The Executioner closely misses you. The Executioner hits you.
* * * LOW HITPOINT WARNING * * *
Drink which item? (? for menu, Esc to quit)
You feel better. The Executioner hits you.
* * * LOW HITPOINT WARNING * * *
The Executioner barely misses you. You block the Executioner's attack.
The Executioner hits you but does no damage. x3
The starcursed mass barely misses you. You block the starcursed mass's attack.
The starcursed mass misses you. The Executioner completely misses you.
The Executioner hits you but does no damage.
The Executioner misses you. The Executioner closely misses you.
You block the Executioner's attack. The Executioner hits you.
* * * LOW HITPOINT WARNING * * *
A chorus of shrieks assaults your mind.
* * * LOW HITPOINT WARNING * * *
The starcursed mass closely misses you. The Executioner hits you!!
You die...

## .. #### .#
####..#.. .#
#.......1.#
#.#.#.##.. #
#######.####
..#
#......X1@.# .
#.....#.XX.####
#.......X..'_.#
#..........#..#
#..........#..#
#..........# ##
#........#.# .
# ..........#


You could see 4 starcursed masses and an Executioner.

Vanquished Creatures
  A hydra (D:7)
  The ghost of Galewind the Destroyer, a novice DECj (D:7)
  An orc sorcerer (D:9)
  A troll (D:9)
  A two-headed ogre (D:8)
  A hungry ghost (D:7)
  2 hippogriffs
  A sky beast (D:8)
  An ice beast (D:9)
  8 orc warriors
  3 phantoms
  4 black bears
  2 centaurs
  6 ogres
  2 elf zombies (Ossuary)
  6 giant frogs
  2 scorpions (D:7)
  A howler monkey (D:7)
  A centaur zombie (D:8)
  A giant frog zombie (D:7)
  2 crimson imps
  2 jellies
  3 human zombies (Ossuary)
  4 hounds
  13 orc wizards
  8 orc priests
  3 gnoll shamans (D:6)
  A giant frog skeleton (D:9)
  Terence (D:3)
  An iguana (D:6)
  9 worker ants
  A hound zombie (D:7)
  A hound skeleton (D:4)
  2 mummies (Ossuary)
  3 worker ant zombies
  A howler monkey skeleton (D:4)
  36 gnolls
  15 adders
  3 shadow imps
  An ooze (D:6)
  An adder zombie (D:8)
  3 adder skeletons
  2 worms (D:3)
  A dart slug (D:2)
  5 giant geckos
  64 orcs
  8 giant cockroaches
  10 goblins
  4 hobgoblins
  34 jackals
  13 kobolds
  5 quokkas
  3 bats (D:2)
  2 giant gecko skeletons
  7 giant newts
  A goblin zombie (Ossuary)
  11 hobgoblin zombies (Ossuary)
  A jackal zombie (Ossuary)
  8 kobold zombies (Ossuary)
  9 orc zombies (Ossuary)
  6 rats
  A rat zombie (Ossuary)
355 creatures vanquished.

Vanquished Creatures (others)
  A wizard (D:5)
  An ogre (D:7)
2 creatures vanquished.

Grand Total: 357 creatures vanquished

Notes
Turn   | Place    | Note
--------------------------------------------------------------
     0 | D:1      | Korbac the Halfling Fighter began the quest for the Orb.
     0 | D:1      | Reached XP level 1. HP: 15/15 MP: 1/1
   145 | D:1      | Reached XP level 2. HP: 16/20 MP: 2/2
   464 | D:1      | Reached XP level 3. HP: 21/26 MP: 3/3
   566 | D:2      | Reached skill level 1 in Dodging
  1001 | D:2      | Reached XP level 4. HP: 22/31 MP: 4/4
  1118 | D:2      | Reached skill level 2 in Dodging
  1304 | D:2      | Found a radiant altar of Vehumet.
  1482 | D:2      | You fall through a shaft!
  1498 | D:3      | Found a sparkling altar of Nemelex Xobeh.
  1542 | D:3      | Found a sparkling altar of Nemelex Xobeh.
  1718 | D:3      | Reached XP level 5. HP: 36/36 MP: 5/5
  2003 | D:3      | Noticed Terence
  2016 | D:3      | Killed Terence
  2102 | D:3      | Found a deep blue altar of Sif Muna.
  2162 | D:3      | Paralysed by a kobold for 2 turns
  2777 | D:3      | Reached XP level 6. HP: 18/42 MP: 6/6
  2939 | D:3      | Reached skill level 3 in Dodging
  3217 | D:4      | Found a bloodstained altar of Trog.
  3333 | D:4      | Found a sand-covered staircase.
  3343 | Ossuary  | Entered an ossuary
  3686 | Ossuary  | Reached XP level 7. HP: 20/47 MP: 7/7
  3770 | Ossuary  | Gained mutation: You have a pair of small horns on your head. [potion of mutation]
  3770 | Ossuary  | Gained mutation: You are weak. (Str -2) [potion of mutation]
  4322 | Ossuary  | Gained mutation: You are resistant to hostile enchantments. [potion of mutation]
  4389 | D:4      | Found a glowing golden altar of the Shining One.
  4391 | D:4      | Noticed an angel
  4400 | D:4      | Became a worshipper of the Shining One
  4410 | D:4      | Found a basalt altar of Yredelemnul.
  4412 | D:4      | Noticed a profane servitor
  4478 | D:4      | Reached skill level 4 in Dodging
  4480 | D:4      | Found an iron altar of Okawaru.
  4708 | D:4      | Reached skill level 5 in Long Blades
  4708 | D:4      | Reached XP level 8. HP: 37/54 MP: 8/8
  4965 | D:5      | Entered Level 5 of the Dungeon
  4996 | D:5      | Reached * piety under the Shining One
  5012 | D:5      | Reached skill level 5 in Shields
  5203 | D:5      | Found Zaemiod's Distillery.
  5208 | D:5      | Bought a potion of heal wounds for 50 gold pieces
  5208 | D:5      | Bought a potion of curing for 30 gold pieces
  5208 | D:5      | Bought a potion of heal wounds for 50 gold pieces
  5208 | D:5      | Reached skill level 7 in Dodging
  5208 | D:5      | Reached XP level 9. HP: 63/63 MP: 8/11
  5209 | D:5      | Reached skill level 8 in Dodging
  5209 | D:5      | Reached XP level 10. HP: 71/71 MP: 8/13
  5667 | D:5      | Found a bloodstained altar of Trog.
  5670 | D:5      | Noticed a wizard
  5675 | D:5      | Killed a wizard
  6108 | D:6      | Reached ** piety under the Shining One
  6464 | D:6      | Found a glowing silver altar of Zin.
  6561 | D:6      | Found a stormy altar of Qazlal.
  6575 | D:6      | Found a staircase to the Ecumenical Temple.
  6715 | D:6      | Found Suimale's Magic Scroll Emporium.
  6760 | D:6      | Found an oddly glowing altar of Pakellas.
  6815 | D:7      | Found Favo's Jewellery Shop.
  6955 | D:7      | Found a stormy altar of Qazlal.
  7175 | D:7      | Noticed Galewind's ghost (novice DECj)
  7202 | D:7      | Killed Galewind's ghost
  7202 | D:7      | Reached skill level 9 in Dodging
  7202 | D:7      | Reached XP level 11. HP: 39/77 MP: 14/14
  7247 | D:7      | Got a polished short sword
  7248 | D:7      | Identified the +11 short sword of the Spectre {pierce, Dex+4} (You found it on level 7 of the Dungeon)
  7251 | D:7      | Found a burning altar of Makhleb.
  7251 | D:7      | Noticed a cacodemon
  7256 | D:7      | Reached *** piety under the Shining One
  7900 | D:7      | Got a translucent short sword
  7901 | D:7      | Identified the +7 short sword "Qoruu" {elec, Str+3} (You found it on level 7 of the Dungeon)
  8130 | D:8      | Reached skill level 1 in Short Blades
  8137 | D:8      | Found a shadowy altar of Dithmenos.
  8251 | D:8      | Noticed a five-headed hydra
  8450 | D:7      | Killed a five-headed hydra
  9373 | D:9      | Got a pair of fine boots
  9455 | D:9      | Reached **** piety under the Shining One
  9498 | D:9      | Got a smelly ring mail
  9945 | D:9      | Found a staircase to the Orcish Mines.
  9963 | Orc:1    | Entered Level 1 of the Orcish Mines
  9963 | Orc:1    | Noticed an orc sorcerer
  9970 | D:9      | Killed an orc sorcerer
 10009 | Orc:1    | Found Fetal's Gadget Shop.
 10147 | Orc:1    | Noticed an orc knight
 10527 | D:9      | Found a shattered altar of Ashenzari.
 10533 | D:9      | Identified the cursed +1 ring mail of Peek-a-Boo {rElec} (You found it on level 9 of the Dungeon)
 10548 | D:9      | Identified the +1 pair of boots of Sloth {-Cast Dex+4} (You found it on level 9 of the Dungeon)
 10619 | D:9      | Reached skill level 10 in Dodging
 10707 | D:10     | Entered Level 10 of the Dungeon
 10745 | D:10     | Noticed Psyche
 10753 | D:10     | Cast into level 1 of the Abyss (Psyche)
 10769 | Abyss:1  | Found a corrupted altar of Lugonu.
 10782 | Abyss:1  | Noticed a starcursed mass
 10785 | Abyss:1  | Noticed an Executioner
 10786 | Abyss:1  | Found a corrupted altar of Lugonu.
 10791 | Abyss:1  | Mangled by an Executioner

Skill      XL: |  1  2  3  4  5  6  7  8  9 10 11 |
---------------+----------------------------------+-----
Fighting       | 3 4 6 7 8 |  8.5
Dodging        | 1 2 3 4 7 8 9 10 | 10.0
Shields        | 4 6 7 8 |  8.5
Long Blades    | 3 4 5 7 8 9 |  9.1
Armour         | 4 6 7 |  7.3
Unarmed Combat | 2 3 |  3.6
Invocations    | 3 4 |  4.8
Evocations     | 3 4 |  4.4
Short Blades   | 3 |  3.9

Action                   |  1- 3 |  4- 6 |  7- 9 | 10-12 || total
-------------------------+-------+-------+-------+-------++-------
Melee: Long sword        |   122 |   337 |   187 |   357 ||  1003
       Headbutt          |       |       |    30 |   106 ||   136
       Short sword       |       |       |       |   279 ||   279
  Use: Scroll            |     2 |     8 |     1 |    12 ||    23
       Potion            |     1 |     9 |     9 |     4 ||    23
  Eat: Bread ration      |     1 |     1 |     1 |     1 ||     4
       Royal jelly       |       |     1 |       |       ||     1
       Pizza             |       |       |     1 |     2 ||     3
       Chunk             |       |       |       |     2 ||     2
       Beef jerky        |       |       |       |     1 ||     1
       Meat ration       |       |       |       |     2 ||     2
Armor: Scale mail        |    80 |   103 |    59 |    74 ||   316
       Ring mail         |       |       |       |    41 ||    41
Dodge: Dodged            |    90 |   145 |    81 |   324 ||   640
Block: Shield            |   106 |   189 |    87 |   390 ||   772
